 Dungeon Crawl Stone Soup version 0.31-a0-246-g8cbcc1cb85 (webtiles) character file.

Game seed: 12574003330340247211

98 qw the Shooter (level 4, -1/36 HPs)
             Began as a Minotaur Hexslinger on July 12, 2023.
             Slain by a gnoll
             ... wielding a +0 spear
              (6 damage)
             ... on level 3 of the Dungeon.
             The game lasted 00:00:36 (1519 turns).

qw the Shooter (Minotaur Hexslinger)                Turns: 1519, Time: 00:00:37

Health: -1/36      AC:  5    Str: 12    XL:     4   Next: 44%
Magic:  4/4        EV: 11    Int: 10    God:
Gold:   70         SH:  5    Dex: 15    Spells: 4/5 levels left

rFire   . . .        Y - +2 sling
rCold   . . .        (no shield)
rNeg    . . .        j - +0 ring mail
rPois   .            (helmet restricted)
rElec   .            (no cloak)
rCorr   .            (no gloves)
SInv    .            (no boots)
Will    .....        e - amulet of reflection
Stlth   +            (no ring)
HPRegen 0.26/turn    (no ring)
MPRegen 0.09/turn

%: reflection
@: no status effects
A: horns 2, retaliatory headbutt
a: no special abilities


You were on level 3 of the Dungeon.
You visited 1 branch of the dungeon, and saw 3 of its levels.

You collected 170 gold pieces.
You spent 100 gold pieces at shops.


Innate Abilities, Weirdness & Mutations

You have a pair of horns on your head.
You reflexively headbutt those who attack you in melee.


   Skills:
 - Level 2.0 Fighting
 + Level 4.8 Ranged Weapons
 - Level 1.1 Armour
 - Level 2.1 Dodging
 - Level 1.0 Spellcasting
 - Level 2.0 Hexes


You had 4 spell levels left.
You knew the following spells:

 Your Spells              Type           Power      Damage    Failure   Level
a - Slow                  Hex            16%        N/A       34%         1

Your spell library contained the following spells:

 Spells                   Type           Power      Damage    Failure   Level
 Inner Flame              Hex/Fire       2%         N/A       83%         3
 Portal Projectile        Hex/Tloc       4%         N/A       83%         3
 Cause Fear               Hex            2%         N/A       98%         4

Inventory:

Hand Weapons
 Y - a +2 sling (weapon)
Armour
 j - a +0 ring mail (worn)
Jewellery
 e - an amulet of reflection (around neck)
Scrolls
 a - a scroll of identify
Potions
 b - a potion of ambrosia {unknown}
 f - a potion of resistance
 g - a potion of mutation

Dungeon Overview and Level Annotations

Branches:
Dungeon (3/15)

Altars:
Elyvilon

Shops:
D:2 [


Message History

The goblin hits you but does no damage. The gnoll hits you with a +0 flail.
Robin barely misses you. The goblin hits you with a +0 dagger.
You tear a large gash into the net.
The gnoll hits you but does no damage. The goblin hits you with a +0 dagger.
Robin hits you but does no damage.
You struggle against the net.
The gnoll hits you from afar with a +0 spear.
The gnoll barely misses you. The goblin hits you with a +0 dagger.
Robin barely misses you.
You struggle against the net.
The gnoll barely misses you. The goblin hits you with a +0 dagger.
The gnoll hits you with a +0 flail. Robin hits you but does no damage.
You rip the net and break free!
You block the gnoll's attack. The goblin hits you but does no damage.
You block the gnoll's attack. Robin hits you but does no damage.
You shoot a sling bullet. The sling bullet hits Robin.
Robin is moderately wounded.
The gnoll barely misses you. You block the gnoll's attack.
The goblin hits you with a +0 dagger. Robin hits you but does no damage.
1516 ||| DRINKING potion of heal wounds.
You feel much better. The gnoll hits you with a +0 flail!
The gnoll hits you from afar with a +0 spear.
The goblin hits you but does no damage. Robin hits you with a +0 whip.
You shoot a sling bullet. The sling bullet hits Robin.
Robin is severely wounded.
You block the gnoll's attack. The gnoll barely misses you.
You block the goblin's attack. Robin barely misses you.
You shoot a sling bullet. The sling bullet hits Robin!
You kill Robin!
The gnoll hits you from afar with a +0 spear.
The gnoll hits you with a +0 flail! The goblin barely misses you.
You furiously retaliate!
You headbutt the goblin!
You kill the goblin!
The gnoll completely misses you. The gnoll misses you.
You shoot a sling bullet.
The sling bullet closely misses the gnoll.
The gnoll barely misses you.
The gnoll hits you from afar with a +0 spear.
You die...

...............
..............#
...........
......... .
#.....## # ..
#..%)..###.##..
#..<)......$)
##.....)##.##...
#......@)......
+....))g.......
#........g.....
..................
#..#.#.#.##.......
#..#.#.#.# .......
#. #...#.# .......
. ....#.. ...#...
..#.... .#


You could see 2 gnolls.

Vanquished Creatures
  Robin (D:3)
  2 adders (D:2)
  A gnoll (D:3)
  A dart slug (D:2)
  4 ball pythons
  2 endoplasms (D:2)
  3 giant cockroaches
  14 goblins
  9 hobgoblins
  2 jackals (D:2)
  2 quokkas (D:1)
  3 frilled lizards
  2 kobolds
  5 rats
51 creatures vanquished.

Notes
Turn   | Place    | Note
-------+----------+-------------------------------------------
     0 | D:1      | qw the Minotaur Hexslinger began the quest for the Orb.
     0 | D:1      | Reached XP level 1. HP: 16/16 MP: 1/1
     0 | D:1      | 0 ||| qw: Version: 0.3-a-52-g30416fa
     0 | D:1      | 0 ||| qw: Game counter: 6473
     0 | D:1      | 0 ||| qw: Melee chars always use a shield: true
     0 | D:1      | 0 ||| qw: God list: Okawaru
     0 | D:1      | 0 ||| qw: Allow faded altars: false
     0 | D:1      | 0 ||| qw: Do Orc after clearing Dungeon:15 true
     0 | D:1      | 0 ||| qw: Do second Lair branch before Depths: true
     0 | D:1      | 0 ||| qw: Lair rune preference: random
     0 | D:1      | 0 ||| qw: Goals: Normal
     0 | D:1      | 0 ||| PLANNING D:1-11
   173 | D:1      | Reached skill level 3 in Ranged Weapons
   178 | D:1      | Reached XP level 2. HP: 23/23 MP: 2/2
   251 | D:1      | Found a faded altar of an unknown god.
   434 | D:1      | 434 ||| UPGRADING to amulet of reflection.
   439 | D:1      | 439 ||| READING 2 scrolls labelled FUREWK XYBA.
   440 | D:1      | 440 ||| DROPPING scroll of poison.
   492 | D:2      | Reached XP level 3. HP: 27/29 MP: 3/3
   531 | D:2      | Found a white marble altar of Elyvilon.
   965 | D:2      | Found Tatapt's Antique Armour Boutique.
   971 | D:2      | 971 ||| BUYING ring mail (100 gold).
   971 | D:2      | Bought a ring mail for 100 gold pieces
   995 | D:2      | Reached skill level 4 in Ranged Weapons
  1301 | D:2      | 1301 ||| UPGRADING to +0 leather armour.
  1311 | D:2      | 1311 ||| DROPPING +0 robe.
  1312 | D:2      | 1312 ||| UPGRADING to +0 ring mail.
  1322 | D:2      | 1322 ||| DROPPING +0 leather armour.
  1323 | D:2      | 1323 ||| READING scroll labelled DAZALU VULL.
  1378 | D:2      | 1378 ||| READING scroll labelled GOCEQE HESE.
  1379 | D:2      | 1379 ||| DRINKING 2 bubbling orange potions.
  1380 | D:2      | 1380 ||| DRINKING 2 white potions.
  1381 | D:2      | 1381 ||| READING 3 scrolls of identify.
  1381 | D:2      | 1381 ||| IDENTIFYING sapphire potion
  1382 | D:2      | 1382 ||| READING 2 scrolls of identify.
  1382 | D:2      | 1382 ||| IDENTIFYING metallic purple potion
  1383 | D:2      | 1383 ||| DROPPING potion of lignification.
  1436 | D:3      | 1436 ||| STAIRDANCE
  1440 | D:2      | Reached skill level 1 in Armour
  1465 | D:3      | 1465 ||| STAIRDANCE
  1490 | D:3      | Reached XP level 4. HP: 36/36 MP: 4/4
  1502 | D:3      | Noticed Robin
  1515 | D:3      | HP: 8/36 [goblin/+0 dagger[Robin] (3)]
  1516 | D:3      | 1516 ||| DRINKING potion of heal wounds.
  1518 | D:3      | Killed Robin
  1519 | D:3      | Slain by a gnoll

Levels and vault maps discovered:
D:1:      giann_bridges, layout_rooms,
          hellmonk_ecumenical_altar_pennies_from_heaven, serial_curves,
          eino_curves_03, eino_curves_02
D:2:      layout_loops_corners, serial_shops, shop, basic_altar,
          minmay_split_cup_large
D:3:      layout_basic, uniq_robin, uniq_jessica, uniq_crazy_yiuf_cottage

Skill      XL: |  1  2  3 |
---------------+----------+-----
Ranged Weapons | 3 4 |  4.8
Fighting       | 2 |  2.0
Armour         | 1 |  1.1
Dodging        | |  2.1
Spellcasting   | |  1.0
Hexes          | |  2.0

Action                     |  1- 3 |  4- 6 || total
---------------------------+-------+-------++-------
   Fire: Sling             |   113 |    16 ||   129
    Use: Scroll            |     5 |       ||     5
         Potion            |     2 |     1 ||     3
 Armour: Ring mail         |    10 |    14 ||    24
         Robe              |     2 |       ||     2
  Dodge: Dodged            |    32 |    19 ||    51
  Block: Other             |    11 |     8 ||    19

Table legend:
 A = Non-vault XP
 B = Vault XP
 C = Vault XP percentage of total XP
 D = Non-vault monster count
 E = Vault monster count
 F = Vault count percentage of total count
                 A         B        C        D         E       F
            +---------+---------+-------+---------+---------+-------
      Total |      90 |      51 |  36.2 |      33 |      18 |  35.3
            +---------+---------+-------+---------+---------+-------
        D:1 |      27 |       0 |   0.0 |      16 |       0 |   0.0
        D:2 |      44 |      15 |  25.4 |      12 |       7 |  36.8
        D:3 |      19 |      36 |  65.5 |       5 |      11 |  68.8
            +---------+---------+-------+---------+---------+-------
